 Dungeon Crawl Stone Soup version 0.26-a0-800-g517d6fe721 (webtiles) character file.

Game seed: 16776027074536945948

12 robertstho the Sneak (level 2, -2/26 HPs)
             Began as a Ghoul Delver on Nov 11, 2020.
             Slain by a worker ant (6 damage)
             ... on level 5 of the Dungeon.
             The game lasted 00:00:30 (144 turns).

robertstho the Sneak (Ghoul Delver)                  Turns: 144, Time: 00:00:31

Health: -2/26      AC:  3    Str: 15    XL:     2   Next: 33%
Magic:  1/1        EV: 11    Int:  5    God:
Gold:   5          SH:  0    Dex: 10    Spells: 1/1 levels left

rFire    . . .     SeeInvis .     - Unarmed
rCold    + . .     Faith    .   (no shield)
rNeg     + + +     Spirit   .   a - +0 leather armour
rPois    ∞         Reflect  .   (no helmet)
rElec    .         Harm     .   (no cloak)
rCorr    .         Rampage  .   (no gloves)
MR       .....                  (no boots)
Stlth    +++.......             (no amulet)
HPRegen  0.00/turn              (no ring)
MPRegen  0.07/turn              (no ring)

@: hasted, very quick
A: rotting body, claws 1, cold resistance 1, negative energy resistance 3,
inhibited regeneration, torment resistance, unbreathing
a: no special abilities


You were on level 5 of the Dungeon.
You visited 1 branch of the dungeon, and saw 1 of its levels.

You collected 5 gold pieces.

Inventory:

Armour
 a - a +0 leather armour (worn)
Jewellery
 h - an uncursed ring of ice {unknown}
Wands
 f - a wand of digging (3)
Scrolls
 b - a scroll of fog
 c - a scroll of magic mapping
 d - a scroll of fear
 g - a scroll of random uselessness {unknown}
 i - 2 scrolls of remove curse {unknown}


   Skills:
 * Level 3.5 Fighting
 + Level 1.7 Dodging
 + Level 5.9 Stealth
 * Level 2.2 Unarmed Combat


You had one spell level left.
You didn't know any spells.
Your spell library was empty.

Dungeon Overview and Level Annotations

Branches:
Dungeon (5/15)
 Temple: D:4-7

Altars:


Innate Abilities, Weirdness & Mutations

Your body is rotting away.
You thrive by killing the living.
You are immune to poison.
You have sharp fingernails.
Your flesh is cold resistant. (rC+)
You are immune to negative energy. (rN+++)
You do not regenerate when monsters are visible.
You are immune to unholy pain and torment.
You can survive without breathing.


Message History

You are too injured to fight recklessly!
You are too injured to fight recklessly!
You barely miss the worker ant.
The worker ant is severely wounded.
The worker ant misses you. The centaur skeleton barely misses you.
You feel yourself speed up. The worker ant bites you.
* * * LOW HITPOINT WARNING * * *
The centaur skeleton closely misses you.
The worker ant barely misses you.
You claw the centaur skeleton!
The centaur skeleton is moderately damaged.
The centaur skeleton barely misses you.
You scratch the centaur skeleton.
The centaur skeleton is moderately damaged.
You completely miss the worker ant.
The worker ant is heavily wounded.
You scratch the worker ant.
The worker ant is severely wounded.
The worker ant bites you.
You die...

#.########...#..##........
#.# #...<..........# #.#
#.#.#..........## #.#
##...........(.<.. #.#
##....#.#.#.#.[...# #.#
........!...# .... #.
.##....#.#...#.....
##....##...#.#
#....@BZ.!..#
......####..### ###.$ #$.#
#.. #..# #. #..# # #..#
...# #.## #.


You could see a worker ant and a centaur skeleton.

Vanquished Creatures
  An adder (D:5)
  An orc (D:5)
  A giant cockroach (D:5)
3 creatures vanquished.

Vanquished Creatures (others)
  An ufetubus (D:5)
1 creature vanquished.

Grand Total: 4 creatures vanquished

Notes
Turn   | Place    | Note
-------+----------+-------------------------------------------
     0 | D:5      | robertstho the Ghoul Delver began the quest for the Orb.
     0 | D:5      | Reached XP level 1. HP: 19/19 MP: 0/0
    75 | D:5      | Reached XP level 2. HP: 23/26 MP: 1/1
   144 | D:5      | Slain by a worker ant

Illustrated notes

Levels and vault maps discovered:
D:5:      layout_loops_ring, lemuel_temple_firewalk_b, uniq_pikel

Action                   || total
-------------------------++-------
Melee: Unarmed           ||    26
       Punch             ||     1
  Use: Potion            ||     1
 Stab: Sleeping          ||     2
Armor: Leather armour    ||     6
Dodge: Dodged            ||    14

Table legend: (Time is in decaauts)
 A = Elapsed time spent in this place.
 B = Non-inter-level travel time spent in this place.
 C = Inter-level travel time spent in this place.
 D = Time resting spent in this place.
 E = Time spent auto-exploring this place.
 F = Levels seen in this place.
 G = Mean time per level.
                   A        B        C        D        E       F      G
               +--------+--------+--------+--------+--------+-----+--------+
         Total |    140 |    140 |      0 |      0 |     88 |   1 |  140.0 |
       Dungeon |    140 |    140 |      0 |      0 |     88 |   1 |  140.0 |
               +--------+--------+--------+--------+--------+-----+--------+

Top non-repeatable levels by time:
     D:5: 140 daAuts
